 Dungeon Crawl Stone Soup version 0.29.1-13-g9f3cf754e1 (webtiles) character file.

Game seed: 13651602756532421169

2217912 MacCMillion the Hill Orc Cataclysm (level 27, 253/270 HPs)
             Began as a Hill Orc Fighter on Jan 21, 2023.
             Was a High Priest of Qazlal.
             Escaped with the Orb
             ... and 4 runes!
             The game lasted 04:01:17 (76370 turns).

MacCMillion the Hill Orc Cataclysm (HOFi)          Turns: 76370, Time: 04:01:17

Health: 253/270    AC: 38    Str: 40    XL:     27
Magic:  49/49      EV: 13    Int: 11    God:    Qazlal [*****.]
Gold:   4318       SH: 23    Dex:  7    Spells: 23/26 levels left

rFire   + + +      SeeInvis +   M - +8 broad axe (vorpal)
rCold   + + +      Faith    .   A - +2 shield of Resistance {rF++ rC++ Will++}
rNeg    + + +      Spirit   .   H - +6 plate armour "Saubeog" {+Blink rF+ rN+}
rPois   +          Reflect  .   G - -2 hat of the Alchemist {rElec rPois rF+ rC+ rN+ Will+ rMut rCorr}
rElec   +          Harm     .   U - +2 cloak {Will+}
rCorr   +          Rampage  .   T - +0 pair of gloves of Hairiness {Regen+ MP+9 Dex-2}
rMut    +          Clarity  +   u - +1 pair of boots "Taugeoch" {rF++ rN+ Will+ Dex+4 Stlth-}
Will    +++++                   L - amulet of regeneration
Stlth   ..........              n - ring "Vuuthrapp" {rN+ Str+6 Dex-5 Slay+3 SInv}
HPRegen 2.15/turn               S - +4 ring of slaying
MPRegen 0.31/turn

@: protected from physical damage, repel missiles
A: clarity, clever 1, deterioration 1, strong 1, no potion heal 1
0: Orb of Zot
}: 4/15 runes: barnacled, slimy, silver, abyssal
a: Renounce Religion, Evoke Blink, Upheaval, Elemental Force, Disaster Area


You escaped.
You worshipped Qazlal.
Qazlal was extremely pleased with you.
You visited 11 branches of the dungeon, and saw 50 of its levels.
You visited the Abyss 1 time.
You also visited: Ossuary and Ice Cave.

You collected 7218 gold pieces.
You spent 2900 gold pieces at shops.

Inventory:

Hand Weapons
 k - a +2 broad axe of holy wrath
 M - a +8 vorpal broad axe (weapon)
Missiles
 o - 4 throwing nets
 t - 8 silver javelins (quivered)
 Q - 26 javelins
Armour
 s - the +2 pair of gloves of Hyled {rElec Str+9 Dex-2 Stlth+}
   (You acquired it on level 2 of the Depths)

   Str:       It affects your strength (+9).
   Dex:       It affects your dexterity (-2).
   rElec:     It insulates you from electricity.
   Stlth:     It makes you more stealthy.
 u - the +1 pair of boots "Taugeoch" (worn) {rF++ rN+ Will+ Dex+4 Stlth-}
   (You bought it in a shop on level 4 of the Shoals)

   Dex:       It affects your dexterity (+4).
   rF:        It greatly protects you from fire.
   rN:        It protects you from negative energy.
   Will:      It increases your willpower.
   Stlth:     It makes you less stealthy.
 A - the +2 shield of Resistance (worn) {rF++ rC++ Will++}
   (You found it on level 3 of the Elven Halls)

   rF:        It greatly protects you from fire.
   rC:        It greatly protects you from cold.
   Will:      It greatly increases your willpower.
 G - the -2 hat of the Alchemist (worn) {rElec rPois rF+ rC+ rN+ Will+ rMut rCorr}
   (You found it on level 5 of the Vaults)

   rF:        It protects you from fire.
   rC:        It protects you from cold.
   rElec:     It insulates you from electricity.
   rPois:     It protects you from poison.
   rN:        It protects you from negative energy.
   rCorr:     It protects you from acid and corrosion.
   rMut:      It protects you from mutation.
   Will:      It increases your willpower.
 H - the +6 plate armour "Saubeog" (worn) {+Blink rF+ rN+}
   (You bought it in a shop on level 4 of the Depths)

   rF:        It protects you from fire.
   rN:        It protects you from negative energy.
   +Blink:    It lets you blink.
 T - the +0 pair of gloves of Hairiness (worn) {Regen+ MP+9 Dex-2}
   (You acquired it on level 1 of the Lair of Beasts)

   Dex:       It affects your dexterity (-2).
   MP:        It affects your magic capacity (+9).
   Regen:     It increases your rate of health regeneration.
 U - a +2 cloak of willpower (worn)
Jewellery
 n - the ring "Vuuthrapp" (left hand) {rN+ Str+6 Dex-5 Slay+3 SInv}
   (You acquired it on level 4 of the Dungeon)

   [ring of strength]

   Str:       It affects your strength (+6).
   Dex:       It affects your dexterity (-5).
   Slay:      It affects your accuracy & damage with ranged weapons and melee
   (+3).
   rN:        It protects you from negative energy.
   SInv:      It lets you see invisible.
 J - a ring of protection from cold
 K - the ring "Laojupel" {rF+ Str+7}
   (You took it off a deep elf sorcerer on level 3 of the Elven Halls)

   [ring of protection from fire]

   Str:       It affects your strength (+7).
   rF:        It protects you from fire.
 L - an amulet of regeneration (around neck)
 S - a +4 ring of slaying (right hand)
Wands
 f - a wand of mindburst (17)
 z - a wand of paralysis (52)
 D - a wand of digging (8)
 F - a wand of polymorph (22)
 P - a wand of iceblast (18)
 X - a wand of light (13)
Scrolls
 b - 4 scrolls of silence
 c - 7 scrolls of poison
 m - 7 scrolls of immolation
 p - 6 scrolls of enchant armour
 q - 20 scrolls of teleportation
 r - 7 scrolls of fear
 v - 5 scrolls of vulnerability
 y - 3 scrolls of blinking
 B - 2 scrolls of summoning
 E - 9 scrolls of amnesia
 I - 2 scrolls of brand weapon
 N - 3 scrolls of magic mapping
 W - 9 scrolls of fog
Potions
 d - 3 potions of might
 e - 10 potions of attraction
 g - 6 potions of magic
 h - 11 potions of curing
 i - 9 potions of mutation
 j - 4 potions of invisibility
 l - 9 potions of lignification
 x - 3 potions of haste
 C - 6 potions of brilliance
 O - 2 potions of ambrosia
 R - 6 potions of heal wounds
Miscellaneous
 a - a tin of tremorstones (2/2)
 w - a phantom mirror
 Y - a box of beasts
 Z - a lightning rod (4/4)


   Skills:
 + Level 26.5 Fighting
 - Level 16.0 Axes
 + Level 26.1 Armour
 - Level 15.0 Dodging
 - Level 22.0 Shields
 - Level 11.6 Ice Magic
 O Level 27 Invocations
 - Level 15.0 Evocations


You had 23 spell levels left.
You knew the following spells:

 Your Spells              Type           Power      Damage    Failure   Level
a - Ozocubu's Armour      Ice            25%        N/A       2%          3

Your spell library contained the following spells:

 Spells                   Type           Power      Damage    Failure   Level
 Ensorcelled Hibernation  Hex/Ice        24%        N/A       14%         2
 Beastly Appendage        Tmut           0%         N/A       69%         1
 Foxfire                  Conj/Fire      0%         2x1d4     69%         1
 Magic Dart               Conj           0%         1d3       69%         1
 Necrotise                Necr           0%         1d4       69%         1
 Shock                    Conj/Air       0%         1d3       69%         1
 Call Imp                 Summ           0%         N/A       83%         2
 Passwall                 Tmut/Erth      0%         N/A       83%         2
 Static Discharge         Conj/Air       0%         3-3/arc   83%         2
 Sublimation of Blood     Necr           0%         N/A       83%         2
 Wereblood                Tmut           0%         N/A       83%         2
 Metabolic Englaciation   Hex/Ice        6%         N/A       95%         5
 Conjure Flame            Conj/Fire      0%         6-21      96%         3
 Dazzling Flash           Conj/Hex       0%         N/A       96%         3
 Ignite Poison            Fire/Tmut/Pois 0%         N/A       96%         3
 Inner Flame              Hex/Fire       0%         N/A       96%         3
 Mephitic Cloud           Conj/Pois/Air  0%         N/A       96%         3
 Portal Projectile        Hex/Tloc       0%         N/A       96%         3
 Spider Form              Tmut/Pois      0%         N/A       96%         3
 Stone Arrow              Conj/Erth      0%         3d7       96%         3
 Swiftness                Air            0%         N/A       96%         3
 Tukima's Dance           Hex            0%         N/A       96%         3
 Vampiric Draining        Necr           0%         2d6       96%         3
 Freezing Cloud           Conj/Ice/Air   4%         6-21      99%         5
 Airstrike                Air            0%         2d(0-16)  100%        4
 Animate Dead             Necr           0%         N/A       100%        4
 Cause Fear               Hex            0%         N/A       100%        4
 Corpse Rot               Necr/Pois/Air  0%         N/A       100%        4
 Dispel Undead            Necr           0%         3d6       100%        4
 Flame Wave               Conj/Fire      0%         2d4       100%        4
 Iskenderun's Mystic Bla  Conj/Tloc      0%         2d3       100%        4
 Leda's Liquefaction      Hex/Erth       0%         N/A       100%        4
 Passage of Golubria      Tloc           0%         N/A       100%        4
 Petrify                  Tmut/Erth      0%         N/A       100%        4
 Sticky Flame             Conj/Fire      0%         2d3       100%        4
 Summon Lightning Spire   Summ/Air       0%         N/A       100%        4
 Agony                    Necr           0%         N/A       100%        5
 Alistair's Intoxication  Tmut/Pois      0%         N/A       100%        5
 Blade Hands              Tmut           0%         N/A       100%        5
 Borgnjor's Vile Clutch   Necr/Erth      0%         N/A       100%        5
 Irradiate                Conj/Tmut      0%         3d11      100%        5
 Iskenderun's Battlesphe  Conj           0%         2d6       100%        5
 Lee's Rapid Deconstruct  Erth           0%         3d5*      100%        5
 Lightning Bolt           Conj/Air       0%         1d11      100%        5
 Silence                  Hex/Air        0%         N/A       100%        5
 Yara's Violent Unravell  Hex/Tmut       0%         3d3       100%        5
 Conjure Ball Lightning   Conj/Air       0%         3x3d6     100%        6
 Dispersal                Tloc           0%         N/A       100%        6
 Eringya's Noxious Bog    Tmut/Pois      0%         N/A       100%        6
 Iron Shot                Conj/Erth      0%         9d1       100%        6
 Simulacrum               Ice/Necr       6%         N/A       100%        6
 Starburst                Conj/Fire      0%         6d3       100%        6
 Statue Form              Tmut/Erth      0%         N/A       100%        6
 Dragon Form              Tmut           0%         N/A       100%        7
 Haunt                    Necr/Summ      0%         N/A       100%        7
 Malign Gateway           Summ/Tloc      0%         N/A       100%        7
 Orb of Destruction       Conj           0%         9d5       100%        7
 Ozocubu's Refrigeration  Ice            12%        4d10      100%        7
 Spellforged Servitor     Conj/Summ      0%         N/A       100%        7
 Summon Hydra             Summ           0%         N/A       100%        7
 Borgnjor's Revivificati  Necr           0%         N/A       100%        8
 Discord                  Hex            0%         N/A       100%        8
 Disjunction              Tloc           0%         N/A       100%        8
 Infestation              Necr           0%         N/A       100%        8
 Lehudib's Crystal Spear  Conj/Erth      0%         10d2      100%        8
 Necromutation            Tmut/Necr      0%         N/A       100%        8
 Summon Horrible Things   Summ           0%         N/A       100%        8
 Chain Lightning          Conj/Air       0%         N/A       100%        9
 Death's Door             Necr           0%         N/A       100%        9
 Fire Storm               Conj/Fire      0%         5d1       100%        9
 Polar Vortex             Ice            12%        N/A       100%        9
 Shatter                  Erth           0%         3d5*      100%        9


Dungeon Overview and Level Annotations

Branches:
Dungeon (15/15)            Temple (1/1) D:7            Lair (5/5) D:9
 Shoals (4/4) Lair:3        Snake (1/4) Lair:2        Slime (5/5) Lair:5
    Orc (2/2) D:11            Elf (3/3) Orc:2        Vaults (5/5) D:14
  Crypt (0/3) Vaults:3     Depths (4/4) D:15            Zot (5/5) Depths:4
Ossuary (visited)           IceCv (visited)

Altars:
Ashenzari
Cheibriados
Dithmenos
Elyvilon
Fedhas
Gozag
Hepliaklqana
Kikubaaqudgha
Makhleb
Nemelex Xobeh
Okawaru
Qazlal
Ru
Sif Muna
Trog
Uskayaw
Vehumet
Wu Jian
Xom
Yredelemnul
Zin
The Shining One
Jiyva

Shops:
Orc:2 [[*!   Elf:1 ::=   Elf:3 :   Shoals:4 [   Vaults:1 [   Zot:4 *
Depths:4 [

Portals:
Hell: Depths:1 Depths:2 Depths:4
Abyss: Depths:2 Depths:3
Pandemonium: Depths:1 Depths:2 Depths:4
Ziggurat: Depths:4
Trove: Vaults:2 (give +4 fire dragon scales)

Annotations:
D:4 3 runed translucent doors, Svetislav95's ghost, amateur HOBe
D:5 2 transporters
D:6 1 runed translucent door, Crazy Yiuf
D:9 2 transporters, H0rd4k's ghost, novice OpAr
D:12 1 runed translucent door, Quickbrownfox's ghost, journeyman DsIE
D:14 Roxanne
Zot:4 1 runed translucent door, Beclu's ghost, legendary GnSk


Innate Abilities, Weirdness & Mutations

You possess an exceptional clarity of mind.
Your mind is acute. (Int +4, Str/Dex -1)
Your body sometimes deteriorates upon taking damage.
Your muscles are strong. (Str +4, Int/Dex -1)
Potions are less effective at restoring your health.


Message History

You hit the shadow demon.
The shadow demon is heavily wounded.
You slash the kobold!
You kill the kobold!
The kobold's corpse dissolves into shadows!
You miss the demonspawn corrupter.
The demonspawn corrupter calls forth creatures from the Elven Halls!
You block the shadow demon's attack.
You barely miss the shadow demon.
The shadow demon is heavily wounded.
You slash the demonspawn corrupter!
The ball python is struck by lightning.
You kill the ball python!
The ball python's corpse dissolves into shadows!
You block the demonspawn corrupter's attack.
The demonspawn corrupter kicks you!
You feel more protected from physical attacks.
The shadow demon completely misses you.
You slice the shadow demon!!
The shadow demon is almost dead.
You hit the demonspawn corrupter. You block the shadow demon's attack.
You block the demonspawn corrupter's attack.
The demonspawn corrupter barely misses you.
You carve the shadow demon like a ham!!!
You kill the shadow demon!
Qazlal accepts your kill.
The dart slug dissolves into shadows!
You slice the demonspawn corrupter!! The demonspawn corrupter misses you.
You block the demonspawn corrupter's attack.
You slice the demonspawn corrupter!!
You kill the demonspawn corrupter!
Qazlal accepts your kill.
The deep elf sorcerer disappears in a puff of smoke!
The sphinx disappears in a puff of smoke!
No target in view!
There is an open door, spattered with blood here.
Things that are here:
a +0 glaive; a +0 scale mail You are no longer corroded.
There is a staircase leading out of the dungeon here.
You have escaped!

#...(.###.....#.##.......
#.#.#'###.#+#.#.##.......
#.#.#.....+.#......##...#
#.#.#######.#...........#
#.+....#....'......##...#
#.#.#######.#......##....
#.#.#...☼.'.#.........##.
#.#+#.○○..###..........#.
#...#..>@.#.'....#.###.##
#.#'#...°.#'##..[#...#.##
#.#.+.....#.#..###...#.##
#.#.#####)#.#.....⌠....##
#.+....#..)..(.#...###.##
#.#.#######.##.#.(.#...##
#.#.+.....'.##.###.#..##
#.#'#+###+#.##........###
#...........######.......


There were no monsters in sight!

Vanquished Creatures
  the Royal Jelly (Slime:5)
  6 dread liches
  10 orbs of fire
  2 ancient liches (Vaults:5)
  Mara (Depths:2)
  Bai Suzhen (Depths:2)
  Vv (Zot:1)
  5 Killer Klowns
  The ghost of Ympoh the Warrior, an adept DrTm of Okawaru (Depths:2)
  Margery (Depths:2)
  Xtahua (Depths:3)
  3 curse toes
  5 golden dragons
  A pandemonium lord (D:14)
  Jory (Vaults:3)
  2 bone dragons
  A Tzitzimitl (D:7)
  An electric golem (Zot:5)
  16 tentacled monstrosities
  2 doom hounds (Zot:1)
  Zenata (Vaults:3)
  A hellephant (D:13)
  Rupert (Lair:5)
  2 liches
  23 Orb Guardians (Zot:5)
  3 walking frostbound tomes
  Jorgrun (Shoals:1)
  18 acid blobs
  4 quicksilver dragons
  Asterion (Elf:2)
  7 titans
  Polyphemus (Shoals:1)
  4 deep elf blademasters (Elf:3)
  3 deep elf master archers (Elf:3)
  2 krakens (Shoals:3)
  10 tentacled starspawn
  An Executioner (Abyss:3)
  3 death cobs
  Gastronok (Lair:3)
  9 tengu reavers
  14 storm dragons
  5 sphinxes
  A daeva (Abyss:3)
  A thorn hunter (Abyss:3)
  A draconian monk (Zot:1)
  11 shadow dragons
  12 rockslimes
  9 draconian knights
  10 azure jellies
  14 deep elf sorcerers
  13 frost giants
  6 iron dragons
  5 fire giants
  12 vault wardens
  2 orc warlords
  3 balrugs
  2 ghost moths (Zot:5)
  4 draconian shifters
  9 draconian scorchers
  2 cacodemons (Abyss:3)
  A draconian stormcaller (Zot:1)
  A deep elf elementalist (Elf:3)
  5 draconian annihilators
  3 war gargoyles
  2 demonspawn corrupters (D:1)
  2 reapers
  19 ironbound preservers
  A juggernaut skeleton (Abyss:3)
  8 ironbound thunderhulks
  2 spriggan defenders (Depths:2)
  9 quicksilver oozes
  Nessos (D:15)
  20 very ugly things
  9 green draconians
  14 stone giants
  A vampire knight (Depths:2)
  4 deep elf demonologists
  2 lorocyprocas
  A bunyip (shapeshifter) (Abyss:3)
  6 deep elf annihilators
  6 spark wasps
  9 black draconians
  9 purple draconians
  A putrid mouth (Zot:1)
  8 yellow draconians
  12 dire elephants
  15 white draconians
  A bunyip (Abyss:3)
  6 red draconians
  A crystal guardian (Vaults:4)
  Snorg (D:14)
  10 ettins
  6 merfolk javelineers (Shoals:4)
  9 fire dragons
  A blizzard demon (Abyss:1)
  A deep elf death mage (Vaults:5)
  7 merfolk impalers
  21 great orbs of eyes
  2 shambling mangroves (Abyss:3)
  4 deep elf high priests
  14 yaktaur captains
  44 starcursed masses (Abyss:3)
  3 spriggan air magi
  7 boulder beetles
  A hell beast (Depths:1)
  3 peacekeepers (Vaults:4)
  41 vault guards
  An ogre mage (D:15)
  7 centaur warriors
  14 hydras
  10 ice dragons
  2 rakshasas (Abyss:3)
  7 ironbound frosthearts
  8 merfolk aquamancers
  6 catoblepae
  3 two-headed ogres
  A merfolk avatar (Shoals:1)
  A quicksilver dragon skeleton (Vaults:3)
  2 anacondas
  26 dancing weapons
  2 alligator snapping turtles
  2 satyrs
  2 vampire magi
  8 tengu warriors
  7 thrashing horrors
  2 death knights
  8 deep troll earth magi
  10 death yaks
  6 orc high priests
  10 deep troll shamans
  8 spriggan berserkers
  Nergalle (D:10)
  A soul eater (Depths:3)
  6 sun demons
  17 deep elf knights
  92 slime creatures
  13 hell knights
  13 wretched stars
  8 iron trolls
  3 sixfirhies (Abyss:3)
  A titan skeleton (Vaults:3)
  69 deep trolls
  2 fire crabs (shapeshifter)
  2 spatial maelstroms (Abyss:3)
  7 glowing orange brains
  5 sea snakes
  9 skeletal warriors
  A shadow demon (D:1)
  A death drake (Abyss:3)
  21 large abominations
  2 flayed ghosts
  A naga ritualist (Snake:1)
  An obsidian statue (D:12)
  A kraken simulacrum (Shoals:4)
  11 wizards
  18 deep elf archers
  Pikel (D:4)
  19 ironbound convokers
  A lindwurm (shapeshifter) (Elf:1)
  6 necromancers
  17 orc knights
  27 deep elf pyromancers
  33 deep elf zephyrmancers
  29 harpies
  A phantasmal warrior (Vaults:4)
  16 lindwurms
  7 orc sorcerers
  A wolf spider (D:15)
  A tengu skeleton (Vaults:3)
  2 mana vipers (shapeshifter)
  2 fauns
  4 shining eyes
  4 mana vipers
  2 salamanders
  31 ugly things
  23 moths of wrath
  3 cyclopes
  11 manticores
  14 black mambas
  A shadow dragon skeleton (Vaults:3)
  A toenail golem (D:11)
  5 merfolk sirens
  8 worldbinders
  A frost giant skeleton (Vaults:3)
  A stone giant skeleton (Vaults:3)
  2 rust devils
  Maurice (D:8)
  12 elephants
  2 apocalypse crabs (Abyss:3)
  11 cane toads
  An ice statue (IceCv)
  14 vault sentinels
  4 eyes of devastation
  3 human skeletons (Vaults:3)
  7 water nymphs
  3 torpor snails
  9 orange demons
  16 smoke demons
  9 rime drakes
  2 kobold demonologists
  An unseen horror (shapeshifter) (Elf:1)
  7 freezing wraiths
  6 efreet
  8 komodo dragons
  36 yaktaurs
  2 anaconda simulacra (IceCv)
  A hellwing (D:12)
  13 ancient zymes
  3 tormentors
  3 red devils
  4 ice devils
  8 tengu conjurers
  2 merfolk (shapeshifter)
  7 trolls
  27 merfolk
  3 polar bears
  A wind drake (shapeshifter) (Elf:3)
  A silent spectre (Abyss:3)
  3 hornets (Abyss:3)
  5 wind drakes
  A slime creature (shapeshifter) (Vaults:4)
  18 raiju
  A tarantella (shapeshifter) (Depths:4)
  26 blink frogs
  12 dream sheep
  Grinder (D:6)
  10 snapping turtles
  A snapping turtle (shapeshifter) (Vaults:5)
  A jumping spider (shapeshifter) (Abyss:3)
  4 air elementals
  5 wyverns
  6 ynoxinuls
  An ettin skeleton (Vaults:3)
  3 shadows
  20 water elementals
  2 dire elephant simulacra (IceCv)
  53 yaks
  A wyvern (shapeshifter) (Abyss:3)
  4 wraiths
  A vampire (D:9)
  6 basilisks
  2 fire elementals
  17 small abominations
  6 golden eyes
  Eustachio (D:4)
  6 redbacks (Depths:1)
  2 death yak simulacra (IceCv)
  9 neqoxecs
  An elf skeleton (Vaults:3)
  A steam dragon (Lair:1)
  7 chaos spawn
  5 wargs
  6 nagas
  2 spatial vortices (Abyss:3)
  A harpy simulacrum (IceCv)
  5 hell hounds (Abyss:2)
  17 water moccasins
  A floating eye (Depths:1)
  An acid dragon (shapeshifter) (Abyss:3)
  A hydra simulacrum (IceCv)
  A glowing shapeshifter skeleton (Vaults:3)
  25 orc warriors
  3 ice beasts
  5 black bears
  10 ogres
  6 centaurs
  A centaur (shapeshifter) (Abyss:3)
  11 wolves
  A phantom (D:5)
  Blork the orc (D:4)
  5 kobold brigands
  18 bullfrogs
  A necrophage (D:7)
  3 earth elementals
  6 scorpions
  A cane toad simulacrum (IceCv)
  4 gnoll sergeants
  6 two-headed ogre simulacra (IceCv)
  9 wights
  5 killer bees (D:11)
  2 elephant simulacra (IceCv)
  2 electric eels
  9 howler monkeys
  A centaur zombie (Ossuary)
  2 crimson imps (D:12)
  6 quasits
  A hound (shapeshifter) (Vaults:5)
  A jelly (D:7)
  2 gnoll boudas
  3 iron imps
  25 orc priests
  3 hounds
  4 iguanas
  35 orc wizards
  5 troll simulacra (IceCv)
  2 polar bear simulacra (IceCv)
  6 spriggan simulacra
  3 wolf simulacra (IceCv)
  2 mummies (Ossuary)
  Robin (D:4)
  7 adders
  21 gnolls
  A river rat (D:9)
  7 naga simulacra (IceCv)
  3 shadow imps
  6 white imps
  10 ufetubi
  A worm (D:2)
  3 dart slugs
  80 orcs
  6 ball pythons
  7 bats
  6 endoplasms
  3 giant cockroaches
  4 gnoll zombies (Ossuary)
  10 goblins
  9 hobgoblins
  7 jackals (D:2)
  4 quokkas
  3 frilled lizards
  5 goblin zombies (Ossuary)
  4 hobgoblin zombies (Ossuary)
  33 kobolds
  12 rats
  A lurking horror (Abyss:3)
  10 starspawn tentacles
  3 tentacles (Shoals:3)
2387 creatures vanquished.

Vanquished Creatures (collateral kills)
  Nikola (Shoals:2)
  2 Tzitzimimeh (Zot:1)
  A doom hound (Zot:1)
  Grunn (Zot:1)
  A deep elf blademaster (Elf:2)
  A shadow dragon (Zot:1)
  A draconian knight (Zot:4)
  2 fire giants (Vaults:5)
  3 very ugly things (Vaults:5)
  2 red draconians (Zot:4)
  A purple draconian (Zot:1)
  A white draconian (Zot:1)
  A merfolk javelineer (Shoals:4)
  A merfolk aquamancer (Shoals:1)
  4 dancing weapons (Elf:2)
  2 sea snakes (Shoals:1)
  2 deep trolls (Vaults:5)
  3 harpies (Shoals:4)
  3 deep elf zephyrmancers (Elf:2)
  A faun (Shoals:2)
  A manticore (Shoals:1)
  A merfolk siren (Shoals:1)
  7 merfolk
  2 wind drakes
  A blink frog (Lair:5)
  2 slime creatures (Slime:1)
  2 dream sheep (Lair:5)
  3 water elementals (Shoals:1)
  An orc priest (Orc:1)
  An orc wizard (Orc:1)
  A gnoll (Orc:1)
  An orc (Orc:1)
57 creatures vanquished.

Vanquished Creatures (others)
  A draconian monk (Zot:1)
  A draconian knight (Zot:5)
  A draconian shifter (Zot:2)
  A red draconian (Zot:5)
  3 deep elf knights (Elf:2)
  A sea snake (Shoals:3)
  A deep elf zephyrmancer (Elf:1)
  A deep elf pyromancer (Elf:1)
  A slime creature (Slime:3)
  A faun (Shoals:2)
  A merfolk siren (Shoals:4)
  An ancient zyme (Abyss:3)
  A large abomination (Abyss:3)
  A small abomination (Abyss:3)
  A shadow imp (D:12)
  2 ufetubi (D:12)
  A bush (Lair:2)
  48 fungi
  2 lurking horrors (Abyss:3)
  113 plants
  15 starspawn tentacles
  18 tentacles
216 creatures vanquished.

Grand Total: 2660 creatures vanquished

Notes
Turn   | Place    | Note
-------+----------+-------------------------------------------
     0 | D:1      | MacCMillion the Hill Orc Fighter began the quest for the
                  | Orb.
     0 | D:1      | Reached XP level 1. HP: 19/19 MP: 1/1
    97 | D:1      | Reached XP level 2. HP: 23/26 MP: 2/2
   602 | D:1      | Reached XP level 3. HP: 27/31 MP: 3/3
  1123 | D:2      | Found a faded altar of an unknown god.
  1284 | D:2      | Reached XP level 4. HP: 39/39 MP: 4/4
  1698 | D:3      | Reached skill level 5 in Axes
  2149 | D:3      | Reached XP level 5. HP: 30/46 MP: 5/5
  2694 | D:3      | Gained mutation: You are frail. (-10% HP) [potion of
                  | mutation]
  2694 | D:3      | Lost mutation: You are frail. (-10% HP) [potion of
                  | mutation]
  2694 | D:3      | Gained mutation: Your body sometimes deteriorates upon
                  | taking damage. [potion of mutation]
  2694 | D:3      | Gained mutation: You are robust. (+10% HP) [potion of
                  | mutation]
  2917 | D:3      | Reached XP level 6. HP: 5/60 MP: 6/6
  3408 | D:4      | Identified a scroll of acquirement
  3454 | D:4      | Reached skill level 5 in Fighting
  3475 | D:4      | Found a sand-covered staircase.
  3483 | Ossuary  | Entered an ossuary
  3978 | D:4      | Reached XP level 7. HP: 61/67 MP: 7/7
  3989 | D:4      | Noticed Blork the orc
  4000 | D:4      | Killed Blork the orc
  4036 | D:4      | Noticed Svetislav95's ghost (amateur HOBe)
  4404 | D:4      | Acquired the ring "Vuuthrapp" {rN+ Str+6 Dex-5 Slay+3 SInv}
  4487 | D:4      | Noticed Eustachio
  4500 | D:4      | Killed Eustachio
  4607 | D:4      | Reached XP level 8. HP: 71/78 MP: 8/8
  4663 | D:4      | Noticed Pikel
  4677 | D:4      | Killed Pikel
  4678 | D:4      | Reached skill level 10 in Axes
  4989 | D:4      | Identified the +1 helmet of the Lotus Blossom {rC- rCorr
                  | Int+4}
  4989 | D:4      | Noticed Robin
  5104 | D:4      | Killed Robin
  5223 | D:4      | Found a runed translucent gate.
  5223 | D:4      | Found a runed translucent gate.
  5223 | D:4      | Found a runed translucent gate.
  5454 | D:5      | Entered Level 5 of the Dungeon
  5510 | D:5      | Reached skill level 5 in Armour
  5596 | D:5      | Found a transporter.
  5658 | D:5      | Found a transporter.
  5718 | D:5      | Reached XP level 9. HP: 88/88 MP: 9/9
  5731 | D:5      | Found a shimmering altar of Xom.
  6086 | D:5      | Paralysed by a gnoll sergeant for 5 turns
  6448 | D:6      | Found a radiant altar of Vehumet.
  6475 | D:6      | Found an opulent altar of Gozag.
  6570 | D:6      | Noticed Grinder
  6577 | D:6      | Killed Grinder
  7029 | D:6      | Found a runed translucent door.
  7030 | D:6      | Noticed Crazy Yiuf
  7422 | D:7      | Reached skill level 5 in Shields
  7655 | D:7      | Found an ancient bone altar of Kikubaaqudgha.
  8554 | D:7      | Reached XP level 10. HP: 100/100 MP: 10/10
  8675 | D:7      | Found a staircase to the Ecumenical Temple.
  8832 | Temple   | Entered the Ecumenical Temple
  8871 | Temple   | Became a worshipper of Qazlal Stormbringer
  9809 | D:8      | Noticed Maurice
  9843 | D:8      | Killed Maurice
 10151 | D:8      | Reached * piety under Qazlal
 10485 | D:9      | Noticed a moth of wrath
 10487 | D:9      | Noticed H0rd4k's ghost (novice OpAr)
 10503 | D:9      | Noticed a death yak
 10665 | D:9      | Found a staircase to the Lair.
 10698 | D:9      | Found a transporter.
 11000 | D:9      | Noticed a death yak
 11076 | D:9      | Found a transporter.
 11084 | D:9      | Noticed a manticore
 11097 | D:9      | Noticed a death yak
 11145 | D:8      | Killed a death yak
 11733 | D:8      | Killed a death yak
 11734 | D:8      | Reached skill level 10 in Fighting
 11864 | D:9      | Killed a death yak
 11865 | D:9      | Reached skill level 15 in Axes
 11865 | D:9      | Reached XP level 11. HP: 39/108 MP: 11/11
 12141 | Lair:1   | Entered Level 1 of the Lair of Beasts
 12165 | D:10     | Entered Level 10 of the Dungeon
 12886 | D:10     | Noticed Nergalle
 12902 | D:10     | Noticed a spectral orc warlord
 12903 | D:10     | Killed Nergalle
 13540 | D:11     | Found a staircase to the Orcish Mines.
 13550 | D:11     | Reached ** piety under Qazlal
 13771 | D:11     | Noticed a six-headed hydra
 13852 | Lair:1   | Noticed a six-headed hydra
 14867 | Lair:1   | Killed a seven-headed hydra
 15660 | Lair:1   | Reached skill level 1 in Invocations
 16191 | Lair:1   | Reached skill level 2 in Invocations
 16570 | Lair:1   | Noticed a catoblepas
 16601 | Lair:1   | Reached skill level 3 in Invocations
 16635 | Lair:1   | Reached XP level 12. HP: 117/117 MP: 14/14
 16671 | Lair:1   | Killed a catoblepas
 17307 | Lair:1   | Reached skill level 10 in Armour
 17463 | Lair:2   | Reached skill level 10 in Shields
 17492 | Lair:2   | Reached skill level 4 in Invocations
 17884 | Lair:2   | Noticed a four-headed hydra
 17920 | Lair:1   | Acquired the +0 pair of gloves of Hairiness {Regen+ MP+9
                  | Dex-2}
 18199 | Lair:2   | Noticed a catoblepas
 18216 | Lair:2   | Killed a catoblepas
 18521 | Lair:2   | Identified the +6 chain mail "Beug" {rElec SInv}
 18558 | Lair:2   | Reached skill level 5 in Invocations
 18732 | Lair:2   | Noticed a catoblepas
 18744 | Lair:2   | Killed a catoblepas
 18802 | Lair:2   | Found a basalt altar of Yredelemnul.
 18893 | Lair:2   | Found a staircase to the Snake Pit.
 18952 | Lair:2   | Killed a four-headed hydra
 19314 | Lair:3   | Noticed a catoblepas
 19320 | Lair:3   | Reached *** piety under Qazlal
 19330 | Lair:2   | Killed a catoblepas
 19331 | Lair:2   | Reached skill level 6 in Invocations
 19466 | Lair:3   | Noticed a six-headed hydra
 19480 | Lair:3   | Killed a six-headed hydra
 19518 | Lair:3   | Identified the +8 war axe of Offence {flame, Str+3 Int+2
                  | Dex+4}
 19546 | Lair:3   | Reached XP level 13. HP: 128/128 MP: 18/18
 19589 | Lair:3   | Reached skill level 7 in Invocations
 19866 | Lair:3   | Noticed Gastronok
 19879 | Lair:3   | Killed Gastronok
 19975 | Lair:3   | Found a staircase to the Shoals.
 20388 | Lair:3   | Reached skill level 8 in Invocations
 20726 | Lair:3   | Got Nunos's Folio of the Storm and Moulding
 22038 | Lair:4   | Reached skill level 9 in Invocations
 22589 | Lair:5   | Entered Level 5 of the Lair of Beasts
 22601 | Lair:4   | Reached XP level 14. HP: 104/139 MP: 20/20
 22673 | Lair:5   | Reached **** piety under Qazlal
 22767 | Lair:5   | Identified the +3 falchion of the Valley of Death {drain,
                  | rElec rF+ Str+4 Dex+4 Stlth-}
 22977 | Lair:5   | Reached skill level 10 in Invocations
 22981 | Lair:5   | Reached ***** piety under Qazlal
 23096 | Lair:5   | Noticed Rupert
 23110 | Lair:5   | Killed Rupert
 23185 | Lair:5   | Found a viscous altar of Jiyva.
 23519 | Lair:5   | Reached skill level 1 in Evocations
 23529 | Lair:5   | Reached skill level 15 in Shields
 24065 | Lair:5   | Found a staircase to the Slime Pits.
 24289 | D:11     | Reached skill level 5 in Evocations
 25018 | Orc:1    | Entered Level 1 of the Orcish Mines
 25049 | Orc:1    | Found a frozen archway.
 25058 | IceCv    | Entered an ice cave
 25235 | IceCv    | Reached skill level 11 in Invocations
 25522 | IceCv    | Reached XP level 15. HP: 131/151 MP: 23/23
 26945 | IceCv    | Identified the +1 helmet "Zamececs" {Will+}
 27779 | Orc:2    | Entered Level 2 of the Orcish Mines
 27784 | Orc:2    | Reached ****** piety under Qazlal
 27820 | D:11     | Acquired a +1 vorpal broad axe
 28182 | Orc:2    | Found a staircase to the Elven Halls.
 28236 | Orc:2    | Paralysed by an orc sorcerer for 3 turns
 28251 | Orc:2    | Reached skill level 12 in Invocations
 28806 | Orc:2    | Found Pahuf's Antique Armour Shoppe.
 28806 | Orc:2    | Found Jezee's Distillery.
 28809 | Orc:2    | Found Vepnex's General Store.
 28809 | Orc:2    | Found Tetaduisch's Antique Armour Shoppe.
 28815 | Orc:2    | Bought a potion of cancellation for 104 gold pieces
 28820 | Orc:2    | Bought a potion of might for 56 gold pieces
 28821 | Orc:2    | Bought a glowing helmet for 165 gold pieces
 28823 | Orc:2    | Bought a heavily runed cloak for 304 gold pieces
 28823 | Orc:2    | Identified the +0 cloak of Ryodd {rF- MP+9 Str-2 Int+9}
                  | (You bought it in a shop on level 2 of the Orcish Mines)
 29433 | D:12     | Reached skill level 15 in Fighting
 29729 | D:12     | Found a runed translucent door.
 29731 | D:12     | Noticed Quickbrownfox's ghost (journeyman DsIE)
 30461 | D:13     | Reached skill level 13 in Invocations
 31161 | D:14     | Reached XP level 16. HP: 161/166 MP: 26/26
 31302 | D:14     | Reached skill level 14 in Invocations
 31377 | D:14     | Noticed Roxanne
 31388 | D:14     | Noticed Snorg
 31395 | D:14     | Killed Snorg
 31473 | D:14     | Found a gate to the Vaults.
 31508 | D:14     | Reached skill level 15 in Armour
 32099 | D:15     | Entered Level 15 of the Dungeon
 32610 | D:15     | Noticed Nessos
 32618 | D:15     | Killed Nessos
 32862 | D:15     | Found a staircase to the Depths.
 33941 | Snake:1  | Entered Level 1 of the Snake Pit
 34003 | Snake:1  | Reached skill level 15 in Invocations
 34165 | Shoals:1 | Entered Level 1 of the Shoals
 34187 | Shoals:1 | Noticed Jorgrun
 34192 | Shoals:1 | Killed Jorgrun
 35070 | Shoals:1 | Reached skill level 16 in Invocations
 35071 | Shoals:1 | Reached XP level 17. HP: 172/178 MP: 29/29
 35104 | Shoals:1 | Reached XP level 18. HP: 187/187 MP: 30/30
 35471 | Shoals:2 | Reached skill level 5 in Dodging
 35489 | Shoals:2 | Noticed Polyphemus
 35614 | Shoals:1 | Killed Polyphemus
 35998 | Shoals:2 | Noticed Nikola
 36007 | Shoals:2 | Killed Nikola
 36915 | Shoals:4 | Entered Level 4 of the Shoals
 37434 | Shoals:4 | Reached skill level 17 in Invocations
 39085 | Shoals:4 | Found Juda's Antique Armour Shop.
 39206 | Shoals:4 | Got a barnacled rune of Zot
 39242 | Shoals:4 | Bought a pair of smoking boots for 389 gold pieces
 39242 | Shoals:4 | Identified the +1 pair of boots "Taugeoch" {rF++ rN+ Will+
                  | Dex+4 Stlth-} (You bought it in a shop on level 4 of the
                  | Shoals)
 39882 | Elf:1    | Entered Level 1 of the Elven Halls
 39914 | Elf:1    | Reached XP level 19. HP: 131/199 MP: 31/31
 40010 | Elf:1    | Reached skill level 18 in Invocations
 40095 | Elf:1    | You fall into a shaft and drop 1 floor!
 40153 | Elf:2    | Found a runed translucent gate.
 40153 | Elf:2    | Found a runed translucent gate.
 40153 | Elf:2    | Found a runed translucent gate.
 40720 | Elf:2    | Paralysed by an air elemental for 1 turns
 41225 | Elf:2    | Identified the +0 plate armour of the Poles {SInv}
 41864 | Elf:2    | Reached skill level 19 in Invocations
 42182 | Elf:3    | Entered Level 3 of the Elven Halls
 42555 | Elf:3    | Noticed Asterion
 42567 | Elf:2    | Killed Asterion
 42869 | Elf:3    | Found Usaso's Book Shop.
 44702 | Elf:3    | Reached XP level 20. HP: 180/214 MP: 33/33
 44792 | Elf:3    | Found the +2 shield of Resistance {rF++ rC++ Will++}
 44794 | Elf:3    | Identified the +2 great sword "Odaiv" {vorpal, rElec Str+3}
 44794 | Elf:3    | Identified the ring "Laojupel" {rF+ Str+7}
 44887 | Elf:3    | Identified the +6 short sword "Dragonbane" {elec, *Rage
                  | Fragile rElec rN+++}
 44929 | Elf:3    | Identified the +4 morningstar of the Toadstool {pain, rF+
                  | Will+}
 44933 | Elf:3    | Identified the +4 arbalest of Genweerchyph {speed, Dex+9}
 44938 | Elf:3    | Identified the +0 great mace of Revolt {protect, Dex+8}
 44950 | Elf:3    | Identified the +2 robe of Kohiagou {Dex+5}
 45088 | Elf:1    | Reached skill level 20 in Invocations
 45396 | Elf:1    | Got the Tome of Confrontation
 45478 | Elf:1    | Found Jatatag's Jewellery Emporium.
 45478 | Elf:1    | Found Jakeolo's Book Shop.
 45479 | Elf:1    | Found Muod's Book Shop.
 46082 | Vaults:1 | Entered Level 1 of the Vaults
 47420 | Vaults:1 | Found Peubaagh's Antique Armour Shop.
 47436 | Vaults:1 | Bought a runed helmet for 255 gold pieces
 47778 | Vaults:1 | Reached skill level 21 in Invocations
 47967 | Vaults:2 | Identified the ring "Asel" {Str+6 Int+5}
 48059 | Vaults:2 | Reached XP level 21. HP: 225/225 MP: 35/35
 48768 | Vaults:2 | Found a portal to a secret trove of treasure.
 49536 | Vaults:3 | Noticed Zenata
 49554 | Vaults:3 | Killed Zenata
 49874 | Vaults:3 | Reached skill level 22 in Invocations
 50008 | Vaults:3 | Found a staircase to the Crypt.
 50239 | Vaults:3 | Identified the +3 whip "Junautuck" {freeze, Will+ Str+4
                  | Stlth-}
 50344 | Vaults:3 | Noticed Jory
 50365 | Vaults:3 | Killed Jory
 50724 | Vaults:4 | Reached XP level 22. HP: 217/238 MP: 37/37
 51178 | Vaults:4 | Reached skill level 23 in Invocations
 52005 | Depths:1 | Entered Level 1 of the Depths
 52121 | Depths:1 | Found a gateway to Hell.
 52820 | Depths:1 | Found a one-way gate leading to the halls of Pandemonium.
 52890 | Depths:1 | Paralysed by a floating eye for 2 turns
 53354 | Depths:2 | Found a runed translucent door.
 53354 | Depths:2 | Noticed Ympoh's ghost (adept DrTm)
 53366 | Depths:2 | Noticed a golden dragon
 53374 | Depths:2 | Reached skill level 24 in Invocations
 53380 | Depths:2 | Killed a golden dragon
 53381 | Depths:2 | Reached XP level 23. HP: 251/251 MP: 39/39
 53450 | Depths:2 | Found a one-way gate to the infinite horrors of the Abyss.
 53563 | Depths:2 | Identified the +7 rapier "Gub Tix" {antimagic, Int+3
                  | Stlth+}
 53570 | Depths:2 | Noticed Mara
 53580 | Depths:2 | Killed Mara
 53817 | Depths:2 | Noticed Margery
 53830 | Depths:2 | Killed Margery
 53921 | Depths:2 | Noticed Bai Suzhen
 53954 | Depths:2 | Killed Bai Suzhen
 53990 | Depths:2 | Gained mutation: Armour fits poorly on your strangely
                  | shaped body. [a neqoxec]
 54110 | Depths:2 | Identified the +6 ring mail of Greed {rF+ Str+9}
 54416 | Depths:2 | Killed Ympoh's ghost
 55161 | Depths:2 | Reached skill level 25 in Invocations
 55247 | Depths:3 | Lost intelligence.
 56225 | Depths:3 | Noticed Xtahua
 56233 | Depths:3 | Killed Xtahua
 56822 | Depths:3 | Identified the +9 great sword "Coczu" {drain, *Noise rElec
                  | rN+ Will+++}
 56849 | Depths:3 | Identified the +7 bardiche "Qiujuhecs" {vorpal, rElec rC-
                  | Str+3 Dex+4}
 56898 | Depths:3 | You fall into a shaft and drop 1 floor!
 56898 | Depths:4 | Entered Level 4 of the Depths
 57460 | Depths:4 | Reached XP level 24. HP: 251/266 MP: 39/39
 57478 | Depths:4 | Found Boliq's Armour Boutique.
 57486 | Depths:4 | Bought the +6 plate armour "Saubeog" {+Blink rF+ rN+} for
                  | 1251 gold pieces
 57492 | Depths:4 | Bought the +1 helmet "Jevig" {rElec} for 376 gold pieces
 57562 | Depths:2 | Acquired the +2 pair of gloves of Hyled {rElec Str+9 Dex-2
                  | Stlth+}
 58536 | Depths:4 | Identified the +5 falchion of Qazlal's Envy {venom, Fly rN+
                  | Will- Dex+7}
 58787 | Depths:4 | Found a snail-covered altar of Cheibriados.
 58820 | Depths:4 | Found a one-way gateway to a ziggurat.
 58994 | Depths:4 | Reached skill level 26 in Invocations
 59033 | Depths:4 | Found a gate to the Realm of Zot.
 59755 | Vaults:5 | Entered Level 5 of the Vaults
 60428 | Vaults:5 | Reached skill level 27 in Invocations
 60479 | Vaults:5 | Noticed a dread lich
 60491 | Vaults:5 | Killed a dread lich
 60586 | Vaults:5 | Noticed an ancient lich
 60595 | Vaults:5 | Killed an ancient lich
 61024 | Vaults:5 | Reached XP level 25. HP: 257/275 MP: 40/40
 61292 | Vaults:5 | Noticed an ancient lich
 61301 | Vaults:5 | Killed an ancient lich
 61606 | Vaults:5 | Noticed a dread lich
 61619 | Vaults:5 | Killed a dread lich
 62001 | Vaults:5 | Reached skill level 10 in Dodging
 62398 | Vaults:5 | Found the -2 hat of the Alchemist {rElec rPois rF+ rC+ rN+
                  | Will+ rMut rCorr}
 62450 | Vaults:5 | Got a silver rune of Zot
 62723 | Vaults:5 | Identified the +6 hand axe of the Traitor {freeze, *Corrode
                  | rElec Int+8 Stlth+}
 62727 | Vaults:5 | Identified the +12 quarterstaff of Checks and Balances
                  | {drain, rN+ Str+4 SInv}
 63206 | Slime:1  | Entered Level 1 of the Pits of Slime
 64669 | Slime:4  | Found a viscous altar of Jiyva.
 64714 | Slime:5  | Entered Level 5 of the Pits of Slime
 64835 | Slime:5  | Noticed the Royal Jelly
 64875 | Slime:5  | Gained mutation: Potions are less effective at restoring
                  | your health. [a shining eye]
 65684 | Slime:5  | Killed the Royal Jelly
 65909 | Slime:5  | Identified the +3 scale mail "Mez Uval" {+Blink Str-3
                  | Dex+2}
 65911 | Slime:5  | Got a slimy rune of Zot
 65912 | Slime:5  | Identified the +2 glaive of Dung {vorpal, rPois}
 65945 | Slime:5  | Identified the +5 long sword of Fymok {vamp, Str+2 Int+7
                  | Dex+2}
 65963 | Slime:5  | Identified the +1 long sword "Puuh" {drain, Int+2 Stlth+}
 65998 | Slime:5  | Identified the +7 long sword "Kaoreit" {elec, Fly rC++
                  | Int+3 Stlth-}
 67123 | Depths:2 | Voluntarily entered the Abyss.
 67407 | Abyss:1  | Lost mutation: Your body sometimes deteriorates upon taking
                  | damage. [potion of mutation]
 67407 | Abyss:1  | Lost mutation: Armour fits poorly on your strangely shaped
                  | body. [potion of mutation]
 67407 | Abyss:1  | Gained mutation: You possess an exceptional clarity of
                  | mind. [potion of mutation]
 67407 | Abyss:1  | Gained mutation: Your muscles are strong. (Str +4, Int/Dex
                  | -1) [potion of mutation]
 67540 | Abyss:2  | Noticed a dread lich
 67552 | Abyss:2  | Killed a dread lich
 67583 | Abyss:2  | Reached XP level 26. HP: 270/283 MP: 40/40
 67674 | Abyss:3  | Found a corrupted altar of Lugonu.
 68029 | Abyss:3  | Reached skill level 15 in Dodging
 68034 | Abyss:3  | Reached skill level 1 in Ice Magic
 68044 | Abyss:3  | Paralysed by accursed screaming for 1 turns
 68092 | Abyss:3  | Reached skill level 5 in Ice Magic
 68538 | Abyss:3  | Reached skill level 10 in Ice Magic
 68632 | Abyss:3  | Gained mutation: Your mind is acute. (Int +4, Str/Dex -1)
                  | [a neqoxec]
 68633 | Abyss:3  | Gained mutation: Your body sometimes deteriorates upon
                  | taking damage. [a neqoxec]
 68651 | Abyss:3  | Found a snail-covered altar of Cheibriados.
 68802 | Abyss:3  | Got an abyssal rune of Zot
 68831 | Depths:2 | Escaped the Abyss
 69015 | Zot:1    | Entered Level 1 of the Realm of Zot
 69033 | Zot:1    | Noticed an orb of fire
 69058 | Zot:1    | Killed an orb of fire
 69332 | Zot:1    | Learned a level 3 spell: Ozocubu's Armour
 69530 | Zot:1    | Noticed Vv
 69530 | Zot:1    | Noticed Grunn
 69537 | Zot:1    | Killed Grunn
 69538 | Zot:1    | Reached XP level 27. HP: 288/292 MP: 37/40
 69543 | Zot:1    | Killed Vv
 72499 | Zot:4    | Reached skill level 10 in Evocations
 72935 | Zot:4    | Found Ufaiz's CLEARANCE SALE!.
 73552 | Zot:4    | Found a runed translucent door.
 73554 | Zot:4    | Found a shimmering altar of Xom.
 73555 | Zot:4    | Noticed Beclu's ghost (legendary GnSk)
 73709 | Zot:5    | Entered Level 5 of the Realm of Zot
 74525 | Zot:5    | Noticed a dread lich
 74535 | Zot:5    | Killed a dread lich
 74873 | Zot:5    | Noticed an orb of fire
 74875 | Zot:5    | Noticed an orb of fire
 74880 | Zot:5    | Noticed an orb of fire
 74897 | Zot:5    | Killed an orb of fire
 74912 | Zot:5    | Killed an orb of fire
 74924 | Zot:5    | Killed an orb of fire
 74928 | Zot:5    | Noticed an orb of fire
 74953 | Zot:5    | Killed an orb of fire
 75013 | Zot:5    | Noticed a dread lich
 75017 | Zot:5    | Killed a dread lich
 75018 | Zot:5    | Reached skill level 15 in Evocations
 75026 | Zot:5    | Noticed an orb of fire
 75032 | Zot:5    | Killed an orb of fire
 75039 | Zot:5    | Noticed an orb of fire
 75049 | Zot:5    | Noticed an orb of fire
 75052 | Zot:5    | Noticed an orb of fire
 75238 | Zot:5    | Noticed an orb of fire
 75259 | Zot:5    | Killed an orb of fire
 75346 | Zot:5    | Killed an orb of fire
 75455 | Zot:5    | Lost mutation: You are robust. (+10% HP) [an orb of fire]
 75462 | Zot:5    | Killed an orb of fire
 75491 | Zot:5    | Noticed a dread lich
 75509 | Zot:5    | Killed an orb of fire
 75516 | Zot:5    | Killed a dread lich
 75727 | Zot:5    | Got the Orb of Zot
 76008 | D:14     | Noticed Riffafiz the pandemonium lord
 76021 | D:14     | Killed Riffafiz the pandemonium lord
 76043 | D:12     | Noticed Edemir the pandemonium lord
 76370 | D:$      | Escaped with the Orb!

Illustrated notes

Levels and vault maps discovered:
D:1:      shiori_arrival_maze, layout_basic, minmay_pentomino_v4
D:2:      layout_loops_ring, hellmonk_ecumenical_altar_pennies_from_heaven
D:3:      layout_basic
D:4:      layout_loops_cross, gammafunk_ghost_icy, enter_ossuary_5, uniq_robin,
          uniq_pikel, uniq_blork_the_orc, uniq_eustachio
D:5:      gammafunk_cloud_chamber, layout_loops_ring,
          mainiacjoe_overflow_24_doors
D:6:      layout_loops_ring, grunt_gozag_statues, vehumet_altar_wand_db,
          uniq_grinder, uniq_crazy_yiuf_cottage
D:7:      layout_basic, nicolae_kikubaaqudgha_miasma_corner, temple_green
D:8:      layout_gridville, uniq_maurice
D:9:      layout_rooms, dpeg_lair_monsters, gammafunk_ghost_berserking_beasts
D:10:     layout_basic, dreamdust_princess_bridge, uniq_nergalle
D:11:     layout_big_octagon, david_orc_2, minmay_misc_feat_columns
D:12:     layout_roguey, ebering_ghost_reflecting_pool,
          hangedman_devilish_allure
D:13:     layout_long_grid
D:14:     layout_gridville, erik_vaults_2, due_unseen_surprise, uniq_snorg,
          uniq_roxanne
D:15:     hangedman_depths_entry_try_elsewhere_first, layout_cave_pods,
          serial_column_ruins, column_ruins_hut, column_ruins_open_small_water,
          column_ruins_columns_straight, column_ruins_open_tiny,
          minmay_misc_feat_chi, corexii_leaking_fountain, uniq_nessos
Temple:   compressed_dpeg_circular_temple
Lair:1:   layout_regular_city, serial_bayou_shore_b
Lair:2:   layout_gridlike, guppyfry_snake_entry_island, basic_altar,
          dreamdust_mushroom_princess, lemuel_fruit_tree
Lair:3:   layout_chaotic_city, minmay_shoals_entry_lonely_mermaid,
          nzn_random_ring, infiniplex_staircase_pool, uniq_gastronok
Lair:4:   layout_roguey, serial_bayou_shore_a
Lair:5:   hangedman_lair_in_review, layout_misc_corridors,
          dpeg_slime_entry_corner, uniq_rupert
Shoals:1: layout_shoals, uniq_jorgrun
Shoals:2: layout_shoals, abandoned_shop, uniq_nikola, uniq_polyphemus
Shoals:3: layout_shoals
Shoals:4: shoals_end_grunt_ice, layout_shoals, serial_shops, nicolae_square_shop
Snake:1:  layout_rooms
Slime:1:  layout_caves
Slime:2:  layout_caves
Slime:3:  layout_caves
Slime:4:  layout_caves, basic_altar
Slime:5
Orc:1:    layout_caves, portal_ice_cave_demonic_guard
Orc:2:    grunt_orc_tribal_feast, layout_diamond_mine
Elf:1:    nicolae_elf_arrival_no_cutting_in_line, layout_loops_cross,
          minmay_elf_annihilation, minmay_shop_grove
Elf:2:    elven_hall_of_blades_hangedman_original
          [infiniplex_blade_entry_pillars], layout_gridlike
Elf:3:    minmay_elf_hall, layout_loops_ring, drop_trap, st_stairs_1,
          nicolae_wooded_promenade, uniq_asterion
Vaults:1: nicolae_vaults_network_barrier, v_rooms_2,
          ontoclasm_vaults_misaligned, vaults_room_glass_cross, v_alt_pattern_6,
          hangedman_vaults_corner, vaults_room_stairs_pillars,
          nicolae_vaults_theta, nicolae_vaults_mini_display_case,
          ontoclasm_vaults_ring_square, hangedman_vaults_capsules,
          ontoclasm_vaults_shuriken, hangedman_vaults_impose,
          vaults_room_hallway, ontoclasm_vaults_pinch, layout_vaults_omnibox,
          serial_shops, nicolae_shop_competitors_out_of_business
Vaults:2: st_diamondy, v_misc_19, v_rooms_4, hangedman_vaults_maws,
          grunt_vaults_bifocal, ontoclasm_vaults_twist, vaults_mumra_hexcomb,
          v_misc_26, nicolae_vaults_big_angled_halls,
          nicolae_vaults_specimen_jars, vaults_room_door_ring,
          hangedman_vaults_pinch, grunt_vaults_funnel, vaults_room_semicircle,
          vaults_room_hallway, layout_vaults_ring, trove_entry_hex_spiral
Vaults:3: v_alt_pattern_1, vaults_dpeg_hooks, hangedman_vaults_snaps,
          nicolae_vaults_diagonal_hallway_6, minmay_crypt_entry_skeletal_spiral,
          v_misc_17, vaults_dpeg_diagonal, hangedman_vaults_impose,
          vaults_standard_mumra_x, nicolae_vaults_big_ls,
          nicolae_vaults_diagonal_hallway_9, ontoclasm_vaults_eye,
          layout_vaults_big_cross, uniq_zenata, uniq_jory
Vaults:4: grunt_vaults_hallway_long, nicolae_vaults_network_quincunx
          [nicolae_vaults_network_quincunx_subvault,
          nicolae_vaults_network_quincunx_subvault,
          nicolae_vaults_network_quincunx_subvault,
          nicolae_vaults_network_quincunx_subvault,
          nicolae_vaults_network_quincunx_subvault], v_pattern_1, v_misc_11,
          nicolae_vaults_shelves_hall, dpeg_vaults_monster_row,
          nicolae_vaults_network_star, hangedman_vaults_unwind,
          nicolae_vaults_little_squares_3, grunt_vaults_hallway_short,
          v_alt_pattern_1, layout_vaults_maze_snakey
Vaults:5: serial_shops
Depths:1: layout_honeycomb, kennysheep_cross_room, hangedman_coc_ice_floe,
          rand_demon_pan_entry_8, drop_trap, minmay_pinched_square,
          grunt_megastairs_3
Depths:2: minmay_the_grid_net [minmay_the_grid_mess, minmay_the_grid_dragon_b,
          minmay_the_grid_diamond_grid, minmay_the_grid_gridbox,
          minmay_the_grid_box_x, minmay_the_grid_prize_shrinking_boxes],
          layout_long_grid, hellmonk_ghost_happy_afterlife, grunt_metal_band,
          rand_demon_pan_entry_5, abyss_entry, uniq_mara, uniq_bai_suzhen
Depths:3: kennysheep_green_arena, layout_long_grid, abyss_entry, hellmouth_3,
          uniq_xtahua
Depths:4: grunt_zot_entry_funnels, layout_gridlike, enter_ziggurat_e,
          serial_shops, shop, pan_entry, hell_entry, cheibriados_altar_1
Zot:1:    layout_cathedral_of_symmetry, uniq_grunn, uniq_vv
Zot:2:    layout_misc_corridors
Zot:3:    layout_gridlike
Zot:4:    layout_cellular_growth, ebering_ghost_xom, nicolae_shop_clearance
Zot:5:    layout_cellular_growth

Skill      XL: |  1  2  3  4  5  6  7  8  9 10 11 12 13 14 15 16 17 18 19 20 21 22 23 24 25 26 27 |
---------------+----------------------------------------------------------------------------------+-----
Axes           | 3 4 5 6 8 9 11 13 15 16 | 16.0
Shields        | 4 5 7 9 11 13 15 17 19 21 22 | 22.0
Fighting       | 4 5 6 7 9 10 11 12 14 15 17 18 20 21 22 23 25 26 | 26.5
Armour         | 5 6 7 9 10 12 13 14 16 17 19 20 21 22 23 25 26 | 26.1
Invocations    | 3 6 9 11 13 16 17 19 21 22 24 25 27 | 27.0
Evocations     | 5 15 | 15.0
Dodging        | 4 6 7 13 15 | 15.0
Ice Magic      | 10 11 | 11.6

Action                   |  1- 3 |  4- 6 |  7- 9 | 10-12 | 13-15 | 16-18 | 19-21 | 22-24 | 25-27 || total
-------------------------+-------+-------+-------+-------+-------+-------+-------+-------+-------++-------
Melee: War axe           |   102 |   188 |   264 |   592 |   926 |   713 |  1272 |  1302 |       ||  5359
       Flail             |       |       |       |    15 |       |       |       |       |       ||    15
       Broad axe         |       |       |       |       |       |       |       |   293 |  1786 ||  2079
Throw: Dart              |       |     1 |     2 |     1 |     3 |       |       |       |       ||     7
       Throwing net      |       |       |     1 |       |     2 |       |       |       |       ||     3
       Javelin           |       |       |       |     4 |       |       |       |       |       ||     4
 Cast: Ozocubu's Armour  |       |       |       |       |       |       |       |       |    12 ||    12
Invok: Upheaval          |       |       |       |     1 |     4 |     3 |     8 |       |     5 ||    21
       Elemental Force   |       |       |       |       |     2 |     7 |     9 |     4 |     5 ||    27
       Disaster Area     |       |       |       |       |       |       |       |     1 |     7 ||     8
 Abil: Evoke Blink       |       |       |       |       |       |       |       |     1 |       ||     1
Evoke: Wand              |       |       |       |    13 |     3 |     4 |       |       |     1 ||    21
       Phantom mirror    |       |       |       |       |       |       |       |     2 |     1 ||     3
       Lightning rod     |       |       |       |       |       |       |       |       |     1 ||     1
  Use: Potion            |       |     2 |       |     4 |       |     7 |     8 |     3 |    11 ||    35
       Scroll            |       |     6 |     3 |     9 |     9 |     4 |     6 |    11 |     4 ||    52
 Stab: Paralysed         |       |       |       |       |       |     4 |     7 |       |     8 ||    19
       Petrified         |       |       |       |       |       |     3 |       |       |       ||     3
       Distracted        |       |       |       |       |       |       |     1 |     1 |     1 ||     3
Armor: Chain mail        |    79 |    87 |   111 |    44 |   214 |   330 |   341 |   384 |       ||  1590
       Scale mail        |     1 |       |       |       |       |       |       |       |       ||     1
       Skin              |       |    14 |       |       |       |       |       |       |       ||    14
       Plate armour      |       |       |     8 |   257 |    15 |       |       |   170 |   583 ||  1033
Dodge: Dodged            |    43 |    40 |    75 |   101 |   140 |   200 |   238 |   350 |   443 ||  1630
       Repelled          |       |       |       |       |     4 |     7 |    17 |    13 |    42 ||    83
Block: Buckler           |    27 |    31 |    38 |    81 |       |       |       |       |       ||   177
       Kite shield       |       |       |       |   162 |   612 |   843 |  1054 |  1508 |  1557 ||  5736
